 Dungeon Crawl Stone Soup version 0.27-a0-54-g64bdb92e38 (webtiles) character file.

Game seed: 1883741132784429222

105 tatocazan the Ducker (level 4, -6/34 HPs)
             Began as a Demonspawn Gladiator on Jan 7, 2021.
             Mangled by a phantom (8 damage)
             ... on level 2 of the Dungeon.
             The game lasted 00:02:55 (1867 turns).

tatocazan the Ducker (Demonspawn Gladiator)         Turns: 1867, Time: 00:02:56

Health: -6/34      AC:  4    Str: 15 (16) XL:     4   Next: 53%
Magic:  4/4        EV: 13    Int:  8 (9)  God:
Gold:   48         SH:  0    Dex: 14      Spells: 3/3 levels left

rFire    . . .     SeeInvis .   a - +0 trident
rCold    . . .     Faith    .   (no shield)
rNeg     . . .     Spirit   .   b - +0 leather armour
rPois    .         Reflect  .   c - +0 helmet
rElec    .         Harm     .   (no cloak)
rCorr    .         Rampage  .   (no gloves)
Will     .....                  (no boots)
Stlth    +.........             (no amulet)
HPRegen  0.11/turn              (no ring)
MPRegen  0.09/turn              (no ring)

@: brilliant
A: powered by death 1
a: no special abilities


You were on level 2 of the Dungeon.
You visited 1 branch of the dungeon, and saw 3 of its levels.

You collected 48 gold pieces.

Inventory:

Hand Weapons
 a - a +0 trident (weapon)
Missiles
 d - 3 throwing nets (quivered)
Armour
 b - a +0 leather armour (worn)
 c - a +0 helmet (worn)
Scrolls
 e - a scroll of immolation {unknown}
 i - a scroll of identify
 k - a scroll of amnesia
Potions
 f - a potion of brilliance
 h - a potion of magic
 j - a potion of haste {unknown}


   Skills:
 + Level 2.9 Fighting
 + Level 3.3 Polearms
 + Level 2.6 Throwing
 + Level 3.4 Dodging


You had 3 spell levels left.
You didn't know any spells.
Your spell library was empty.

Dungeon Overview and Level Annotations

Branches:
Dungeon (3/15)

Altars:

Annotations:
D:3 Jessica


Innate Abilities, Weirdness & Mutations

You regenerate a little health from kills.


Message History

The ball python grabs you.
You stop ascending the stairs.
The ball python constricts you. The phantom hits you.
You take 4 damage, and have 11/34 hp.
You escape the ball python's grasp.
The phantom hits you.
* * * LOW HITPOINT WARNING * * *
You climb upwards.
There is a stone staircase leading down here.
You take 1 damage, and have 10/34 hp.
It was a potion of magic.
Magic courses through your body. The ball python barely misses you.
The ball python misses you. The phantom hits you!
* * * LOW HITPOINT WARNING * * *
The ball python bites you but does no damage.
The ball python misses you.
You take 8 damage, and have 2/34 hp.
MASSIVE DAMAGE!!
It was a potion of brilliance.
You feel clever all of a sudden. The ball python misses you.
The ball python barely misses you. The phantom hits you!
You die...

#....#############
#.##.............#
#.##############.#
#........<# #.#
#########.# #.# #######.#
#.# ####.....#.# #.#
#..+.....'.######.#####
###'##.....####@S.......##
#..........# #W###.###..#
### #..........####.#
#.####.## #..
#...............#
#.......# #..
#.....#########.#
#####.#.## #.. #.....#
#.#######.#..###(. #.....#
#................. #.....#
#########.##..#### #######
#########(###.##


You could see a phantom and a ball python.

Vanquished Creatures
  An orc priest (D:3)
  A gnoll (D:2)
  3 adders
  An ooze (D:2)
  3 dart slugs (D:1)
  2 leopard geckos
  2 goblins (D:2)
  A hobgoblin (D:1)
  4 jackals (D:2)
  2 bats (D:1)
  3 frilled lizards (D:1)
  3 kobolds (D:2)
  6 rats
32 creatures vanquished.

Notes
Turn   | Place    | Note
-------+----------+-------------------------------------------
     0 | D:1      | tatocazan the Demonspawn Gladiator began the quest for the
                  | Orb.
     0 | D:1      | Reached XP level 1. HP: 16/16 MP: 1/1
   224 | D:1      | Gained mutation: You regenerate a little health from kills.
                  | [demonic ancestry]
   224 | D:1      | Reached XP level 2. HP: 18/22 MP: 2/2
   491 | D:2      | Reached XP level 3. HP: 27/28 MP: 3/3
  1348 | D:3      | Reached XP level 4. HP: 6/34 MP: 4/4
  1826 | D:3      | Noticed Jessica
  1848 | D:3      | Noticed a phantom
  1867 | D:2      | Mangled by a phantom

Illustrated notes

Levels and vault maps discovered:
D:1:      kennysheep_arrival_seaside, layout_rooms, chequers_jeans
D:2:      layout_basic
D:3:      layout_basic, kennysheep_slug_shrine, uniq_jessica

Skill      XL: |  1  2 |
---------------+-------+-----
Throwing       | 2 |  2.6
Polearms       | 3 |  3.3
Dodging        | 3 |  3.4
Fighting       | |  2.9

Action                   |  1- 3 |  4- 6 || total
-------------------------+-------+-------++-------
Melee: Trident           |   128 |    12 ||   140
  Use: Potion            |     1 |     2 ||     3
       Scroll            |       |     2 ||     2
 Stab: Sleeping          |     1 |       ||     1
Armor: Leather armour    |    34 |     5 ||    39
Dodge: Dodged            |   100 |    21 ||   121

Table legend: (Time is in decaauts)
 A = Elapsed time spent in this place.
 B = Non-inter-level travel time spent in this place.
 C = Inter-level travel time spent in this place.
 D = Time resting spent in this place.
 E = Time spent auto-exploring this place.
 F = Levels seen in this place.
 G = Mean time per level.
                   A        B        C        D        E       F      G
               +--------+--------+--------+--------+--------+-----+--------+
         Total |   1893 |   1829 |     64 |    757 |    761 |   3 |  631.0 |
       Dungeon |   1893 |   1829 |     64 |    757 |    761 |   3 |  631.0 |
               +--------+--------+--------+--------+--------+-----+--------+

Top non-repeatable levels by time:
     D:2: 860 daAuts
     D:3: 541 daAuts
     D:1: 491 daAuts
